 Dungeon Crawl Stone Soup version 0.20.1-1-g8b1a95d (webtiles) character file.

5861 Peloso the Blocker (level 10, -6/91 HPs)
             Began as a Deep Dwarf Fighter on Aug 14, 2017.
             Was an Elder of Okawaru.
             Mangled by a skeletal warrior
             ... wielding a +0 glaive
              (7 damage)
             ... on level 7 of the Dungeon.
             The game lasted 00:33:49 (6248 turns).

Peloso the Blocker (Deep Dwarf Fighter)             Turns: 6248, Time: 00:33:49

Health: -6/91      AC: 20    Str: 28    XL:     10   Next: 52%
Magic:  7/7        EV:  5    Int:  9    God:    Okawaru [****..]
Gold:   307        SH: 13    Dex: 12    Spells: 9/9 levels left

rFire    + . .     SeeInvis .   a - +1 long sword
rCold    x . .     Gourm    .   c - +0 shield
rNeg     . . .     Faith    .   m - +2 crystal plate armour
rPois    +         Spirit   .   (no helmet)
rElec    .         Reflect  .   (no cloak)
rCorr    .         Harm     .   (no gloves)
MR       +....                  (no boots)
Stlth    ..........             (no amulet)
Regen    0.0/turn               F - ring of fire
MPRegen  0.1/turn               C - ring of poison resistance

@: mighty, non-regenerating
A: damage resistance, heal wounds, sense surroundings 2, no regeneration
a: Heal Wounds, Heroism, Renounce Religion


You were on level 7 of the Dungeon.
You worshipped Okawaru.
Okawaru was greatly pleased with you.
You were not hungry.

You visited 1 branch of the dungeon, and saw 8 of its levels.

You collected 307 gold pieces.

Inventory:

Hand Weapons
 a - a +1 long sword (weapon)
 n - a cursed -3 dagger
 s - a +0 mace of holy wrath
 x - a cursed -3 falchion
 J - a +1 hand axe
 K - a +4 scimitar
 L - a +4 spear
Missiles
 e - 84 bolts
 O - 4 tomahawks of returning (quivered)
Armour
 b - a +0 scale mail
 c - a +0 shield (worn)
 m - a +2 crystal plate armour (worn)
Jewellery
 r - an uncursed amulet of harm {unknown}
 C - a ring of poison resistance (right hand)
 F - a ring of fire (left hand)
Wands
 t - a wand of enslavement (12/24)
 w - a wand of polymorph (12/24)
 y - a wand of clouds (3/9)
 B - a wand of paralysis (10/24)
 E - a wand of iceblast (13/15)
 I - a wand of polymorph (11/24)
Scrolls
 q - a scroll of teleportation {unknown}
 z - 2 scrolls of amnesia
 D - a scroll of summoning {unknown}
 H - 3 scrolls of enchant armour
Potions
 d - 2 potions of might
 h - a potion of haste
 i - a potion of cancellation
 j - 6 potions of curing
 l - 3 potions of heal wounds
 o - a potion of invisibility
 v - a potion of magic
 G - a potion of flight
Books
 u - a book of Frost

   Spells                             Type                      Level
   a - Freeze                         Ice                          1
   b - Throw Frost                    Conjuration/Ice              2
   c - Ozocubu's Armour               Charms/Ice                   3
   d - Throw Icicle                   Conjuration/Ice              4
   e - Summon Ice Beast               Ice/Summoning                4
Comestibles
 f - 5 bread rations
 g - 10 royal jellies
 k - 3 meat rations


   Skills:
 + Level 5.8 Fighting
 + Level 10.1 Long Blades
 + Level 7.4 Armour
 + Level 1.2 Dodging
 + Level 1.0 Stealth
 + Level 10.3 Shields
 + Level 1.5 Invocations
 + Level 0.6 Evocations


You had 9 spell levels left.
You didn't know any spells.

Dungeon Overview and Level Annotations

Branches:
Dungeon (8/15)             Temple (0/1) D:7
   Lair: D:8-11

Altars:
Hepliaklqana
Makhleb
Nemelex Xobeh
Okawaru
Ru
Trog
Xom
Yredelemnul
Zin
The Shining One


Innate Abilities, Weirdness & Mutations

You are resistant to damage.
You can heal yourself by infusing magical energy.
You passively map the area around you.
You do not regenerate.


Message History

The skeletal warrior is moderately damaged.
The skeletal warrior hits you but does no damage.
The skeletal warrior hits you from afar with a glaive!
You feel very mighty all of a sudden.
The skeletal warrior hits you with a dire flail!!
You hit the skeletal warrior but do no damage.
The skeletal warrior is moderately damaged.
You block the skeletal warrior's attack.
The skeletal warrior hits you with a dire flail.
You hit the skeletal warrior.
The skeletal warrior is moderately damaged.
The skeletal warrior hits you from afar with a glaive!
* * * LOW HITPOINT WARNING * * *
Your shield and crystal plate armour prevent you from hitting the skeletal warrior.
The skeletal warrior is moderately damaged.
The skeletal warrior hits you with a dire flail!!
* * * LOW HITPOINT WARNING * * *
You fail to use your ability.
The skeletal warrior hits you from afar with a glaive!
You die...

..........###≈.⌠≈≈⌠|≈##..........
##........###≈§§....§#...........
#..........#≈§§§.≈≈≈##..........
##########.####§'######....#.###
#####..........###.####.##
###.........#######..# #..# #
##...######...[.####.## ##.#
####..#######..###...(..### #.##
...............!@zz[......####.#.
####.###.......####((...#(.....>.
#.# #.......# #(.###..........
####.# #.......###.## ####.......
.....###......(#.z.# #####.....#
#####............### #...⌠.....#
###...##.......#(# #..........
....#.....)....#(# #.⌠.>†⌠...#
.###..##.......#.# #.......#.#


You could see 2 skeletal warriors.

Vanquished Creatures
  A two-headed ogre (D:7)
  2 skeletal warriors
  2 hogs (D:7)
  2 yaks (D:7)
  A human (D:7)
  A hungry ghost (D:6)
  Menkaure (D:5)
  The ghost of letownia the Insei, an amateur OpTm (D:4)
  2 ice beasts (D:5)
  3 orc warriors
  A necrophage (D:7)
  2 sky beasts
  A phantom (D:8)
  An ogre (D:5)
  2 centaurs
  A big kobold (D:7)
  2 bullfrogs (D:6)
  3 scorpions
  6 killer bees
  8 wights
  A howler monkey (D:4)
  2 crimson imps
  A bullfrog zombie (D:7)
  A hound (D:5)
  A jelly (D:6)
  2 bullfrog skeletons
  8 orc wizards
  An orc priest (D:6)
  Terence (D:2)
  An iguana (D:7)
  8 worker ants
  10 gnolls
  8 adders
  3 shadow imps
  3 oozes
  An adder zombie (D:7)
  An adder skeleton (D:5)
  4 worms
  4 dart slugs
  5 leopard geckos
  33 orcs
  10 bats
  4 giant cockroaches
  6 goblins
  12 hobgoblins
  13 jackals
  11 kobolds
  3 quokkas
  3 ball pythons (D:1)
  6 frilled lizards
  A quokka zombie (D:7)
  12 rats
223 creatures vanquished.

Notes
Turn   | Place    | Note
-------+----------+-------------------------------------------
     0 | D:1      | Peloso the Deep Dwarf Fighter began the quest for the Orb.
     0 | D:1      | Reached XP level 1. HP: 20/20 MP: 1/1
   219 | D:1      | Reached XP level 2. HP: 27/27 MP: 2/2
   401 | D:1      | Reached XP level 3. HP: 23/33 MP: 3/3
   656 | D:2      | Noticed a moth of wrath
   659 | D:2      | Found a bloodstained altar of Trog.
   686 | D:2      | Reached skill level 1 in Dodging
   822 | D:2      | Reached skill level 1 in Stealth
   854 | D:2      | Noticed Terence
   876 | D:2      | Killed Terence
   876 | D:2      | Reached XP level 4. HP: 37/40 MP: 4/4
  1459 | D:3      | Reached XP level 5. HP: 45/49 MP: 5/5
  2162 | D:4      | Noticed letownia's ghost (amateur OpTm)
  2167 | D:5      | Entered Level 5 of the Dungeon
  2240 | D:5      | Found a sacrificial altar of Ru.
  2241 | D:5      | Found a glowing golden altar of the Shining One.
  2241 | D:5      | Found a hazy altar of Hepliaklqana.
  2242 | D:5      | Found an iron altar of Okawaru.
  2242 | D:5      | Found a burning altar of Makhleb.
  2242 | D:5      | Found a basalt altar of Yredelemnul.
  2243 | D:5      | Noticed Menkaure
  2262 | D:5      | Killed Menkaure
  2262 | D:5      | Reached XP level 6. HP: 46/56 MP: 6/6
  2273 | D:5      | Became a worshipper of Warmaster Okawaru
  2300 | D:5      | Noticed an ice beast
  2325 | D:5      | Killed an ice beast
  2346 | D:5      | Reached skill level 5 in Shields
  2381 | D:5      | Noticed an ice beast
  2398 | D:5      | Killed an ice beast
  2398 | D:5      | Reached XP level 7. HP: 33/62 MP: 7/7
  2548 | D:5      | Reached skill level 5 in Long Blades
  2679 | D:5      | Found a sparkling altar of Nemelex Xobeh.
  2870 | D:6      | Reached skill level 5 in Armour
  3096 | D:6      | Reached * piety under Okawaru
  3504 | D:4      | Killed letownia's ghost
  3504 | D:4      | Reached XP level 8. HP: 48/72 MP: 7/7
  3529 | D:4      | Found a glowing silver altar of Zin.
  3529 | D:4      | Noticed an angel
  3530 | D:4      | Found a shimmering altar of Xom.
  4277 | D:6      | Reached ** piety under Okawaru
  4818 | D:7      | Found a staircase to the Ecumenical Temple.
  5021 | D:7      | Gained mutation: You passively map the area around you. [Deep Dwarf growth]
  5021 | D:7      | Reached XP level 9. HP: 60/79 MP: 7/7
  5245 | D:7      | Reached *** piety under Okawaru
  5245 | D:7      | Reached skill level 5 in Fighting
  5269 | D:7      | Reached skill level 1 in Invocations
  5502 | D:7      | Noticed a two-headed ogre
  5536 | D:7      | Killed a two-headed ogre
  5536 | D:7      | Reached XP level 10. HP: 30/88 MP: 5/7
  6056 | D:8      | Noticed a skeletal warrior
  6057 | D:8      | Noticed a skeletal warrior
  6059 | D:8      | Noticed a skeletal warrior
  6062 | D:8      | Noticed a skeletal warrior
  6068 | D:8      | Noticed a skeletal warrior
  6087 | D:8      | Killed a skeletal warrior
  6087 | D:8      | Reached **** piety under Okawaru
  6087 | D:8      | Reached skill level 10 in Shields
  6132 | D:7      | Killed a skeletal warrior
  6132 | D:7      | Reached skill level 10 in Long Blades
  6247 | D:7      | HP: 1/91 [skeletal warrior/dire flail[a skeletal warrior] (19)]
  6248 | D:7      | Mangled by a skeletal warrior

Skill      XL: |  1  2  3  4  5  6  7  8  9 10 |
---------------+-------------------------------+-----
Dodging        | 1 |  1.2
Stealth        | 1 |  1.0
Long Blades    | 3 4 6 8 9 10 | 10.1
Shields        | 4 5 7 9 10 | 10.3
Armour         | 4 5 6 7 |  7.4
Fighting       | 3 4 5 |  5.8
Invocations    | 1 |  1.5
Evocations     | |  0.6

Action                   |  1- 3 |  4- 6 |  7- 9 | 10-12 || total
-------------------------+-------+-------+-------+-------++-------
Melee: Long sword        |   198 |   229 |   649 |   184 ||  1260
Invok: Heroism           |       |       |     7 |     2 ||     9
 Abil: Heal Wounds       |     1 |     1 |     7 |     9 ||    18
Evoke: Wand              |       |     1 |     1 |       ||     2
  Use: Scroll            |     4 |     5 |    13 |     1 ||    23
       Potion            |       |       |     1 |     5 ||     6
  Eat: Chunk             |       |     6 |    16 |     3 ||    25
       Royal jelly       |       |       |     2 |       ||     2
Armor: Scale mail        |   100 |       |       |       ||   100
       Crystal plate arm |    46 |   193 |   460 |    67 ||   766
Dodge: Dodged            |    69 |     6 |    71 |    30 ||   176
Block: Shield            |   128 |   140 |   399 |   106 ||   773
       Rpst.: Long sword |    25 |     1 |    22 |     8 ||    56
